 Dungeon Crawl Stone Soup version 0.31-a0-455-g1a7b003ef0 (webtiles) character file.

Game seed: 2097975298024649850

77 pokeman the Magician (level 4, 0/25 HPs)
             Began as a Deep Elf Hedge Wizard on Aug 3, 2023.
             Succumbed to Crazy Yiuf's poison
             ... on level 2 of the Dungeon.
             The game lasted 00:06:24 (2445 turns).

pokeman the Magician (Deep Elf Hedge Wizard)        Turns: 2445, Time: 00:06:25

Health: 0/25       AC:  4    Str:  7    XL:     4   Next: 13%
Magic:  9/13       EV: 12    Int: 21    God:
Gold:   114        SH:  0    Dex: 14    Spells: 6/14 levels left

rFire   . . .        r - +1 dagger (venom)
rCold   . . .        (no shield)
rNeg    . . .        b - +0 robe
rPois   .            c - +0 hat
rElec   .            (no cloak)
rCorr   .            g - +0 pair of gloves
SInv    .            u - +0 pair of boots
Will    .....        (no amulet)
Stlth   ++           (no ring)
HPRegen 0.24/turn    (no ring)
MPRegen 0.13/turn

%: no passive effects
@: lethally poisoned (0 -> -17)
A: no striking features
a: no special abilities


You were on level 2 of the Dungeon.
You visited 1 branch of the dungeon, and saw 2 of its levels.

You collected 114 gold pieces.

Inventory:

Hand Weapons
 r - a +1 dagger of venom (weapon)
Armour
 b - a +0 robe (worn)
 c - a +0 hat (worn)
 g - a +0 pair of gloves (worn)
 u - a +0 pair of boots (worn)
Magical Staves
 i - a staff of fire
Scrolls
 e - 2 scrolls of blinking {unknown}
 h - a scroll of fog {unknown}
 k - a scroll of noise {unknown}
 m - 2 scrolls of identify {unknown}
 n - a scroll of enchant armour {unknown}
 p - a scroll of summoning {unknown}
 q - a scroll of teleportation {unknown}
 t - a scroll of poison {unknown}
Potions
 a - a potion of lignification {unknown}
 d - 3 potions of magic
 f - a potion of invisibility {unknown}
 j - a potion of ambrosia {unknown}
 l - 2 potions of curing {unknown}
 o - a potion of attraction {unknown}
 s - a potion of mutation {unknown}


   Skills:
 - Level 1.0 Fighting
 - Level 1.0 Armour
 + Level 2.5 Dodging
 + Level 2.5 Stealth
 * Level 5.6 Spellcasting
 + Level 2.1 Conjurations
 - Level 1.1 Summonings
 - Level 1.1 Translocations


You had 6 spell levels left.
You knew the following spells:

 Your Spells              Type           Power      Damage    Failure   Level
a - Magic Dart            Conj           56%        1d5       4%          1
b - Mephitic Cloud        Conj/Pois/Air  8%         N/A       22%         3
c - Call Imp              Summ           20%        N/A       10%         2
d - Blink                 Tloc           20%        N/A       10%         2

Your spell library contained the following spells:

 Spells                   Type           Power      Damage    Failure   Level
 Kiss of Death            Conj/Necr      40%        2d8       7%          1
 Slow                     Hex            20%        N/A       11%         1
 Cigotuvi's Dreadful Rot  Necr/Pois/Air  10%        N/A       16%         2
 Confusing Touch          Hex            5%         N/A       30%         3
 Dispel Undead            Necr           5%         3d7       71%         4


Dungeon Overview and Level Annotations

Branches:
Dungeon (2/15)

Altars:

Shops:
D:1 [

Annotations:
D:2 Crazy Yiuf


Message History

As you open the door, it creaks loudly!
Crazy Yiuf yells, "Adder cower snockshim!"
Casting: Magic Dart (safe; 4% risk of failure)
Confirm with . or Enter, or press ? or * to list all spells.
The spell is extremely dangerous to miscast (22% risk of failure)!
Continue anyway?
Aiming: Mephitic Cloud (extremely dangerous; 22% risk of failure)
Press: ? - help, Shift-Dir - straight line, f - Crazy Yiuf
Aim: Crazy Yiuf, wielding a +3 quarterstaff of chaos and wearing a +0 cloak (chance to affect: 86%)
The ball explodes into a vile cloud!
The stinking cloud engulfs Crazy Yiuf but does no damage.
Crazy Yiuf is engulfed in noxious fumes.
Casting: Mephitic Cloud (extremely dangerous; 22% risk of failure)
Confirm with . or Enter, or press ? or * to list all spells.
A tiny devil pulls itself out of the air.
Crazy Yiuf is engulfed in noxious fumes.
Crazy Yiuf appears confused.
Unknown command.
Crazy Yiuf is engulfed in noxious fumes.
Crazy Yiuf appears confused.
There is an open translucent door here.
Your cerulean imp hits Crazy Yiuf with a -3 spear.
Crazy Yiuf misses you.
You hit Crazy Yiuf.
Crazy Yiuf is poisoned.
Crazy Yiuf is lightly wounded.
Your cerulean imp hits Crazy Yiuf with a -3 spear.
Crazy Yiuf misses your cerulean imp.
You hit Crazy Yiuf but do no damage.
Crazy Yiuf looks even sicker.
Crazy Yiuf is moderately wounded.
Your cerulean imp hits Crazy Yiuf with a -3 spear.
Crazy Yiuf hits you with a +3 quarterstaff of chaos!
Ouch! That really hurt!
You are lethally poisoned!
Unknown command.
You hit Crazy Yiuf but do no damage.
Crazy Yiuf looks as sick as possible!
Crazy Yiuf is moderately wounded.
* * * LOW HITPOINT WARNING * * *
You feel very sick.
Your cerulean imp hits Crazy Yiuf with a -3 spear.
Crazy Yiuf barely misses you.
Unknown command.
You die...

#....# #.#.....
##...# #.#.####
##.## #...# ##.#
####.### #.##
#....# ##.#
########### #.##
##.... ##5##
##...[( #@.g#
#...... #...#
####...... #)..#
##<........ #####
#..##.....รท
#####......
######## ##.....
#......# ##.....
#.....##### #......
#.........###...)..


You could see Crazy Yiuf (confused, extremely poisoned, ally target) and a
friendly cerulean imp (summoned).

Vanquished Creatures
  2 adders (D:2)
  4 dart slugs
  5 bats
  7 endoplasms
  2 giant cockroaches
  3 goblins
  4 hobgoblins
  A quokka (D:1)
  5 ball pythons
  5 frilled lizards
  7 kobolds
  6 rats
51 creatures vanquished.

Notes
Turn   | Place    | Note
-------+----------+-------------------------------------------
     0 | D:1      | pokeman the Deep Elf Hedge Wizard began the quest for the
                  | Orb.
     0 | D:1      | Reached XP level 1. HP: 10/10 MP: 7/7
   264 | D:1      | Reached XP level 2. HP: 15/15 MP: 9/9
   472 | D:1      | Found Naezxiaj's Antique Armour Shoppe.
   786 | D:1      | Reached skill level 5 in Spellcasting
   853 | D:1      | Found a faded altar of an unknown god.
  1086 | D:1      | Reached XP level 3. HP: 20/20 MP: 5/11
  1090 | D:1      | Learned a level 3 spell: Mephitic Cloud
  1093 | D:1      | Learned a level 2 spell: Call Imp
  1096 | D:1      | Learned a level 2 spell: Blink
  1842 | D:2      | Reached skill level 1 in Fighting
  1842 | D:2      | Reached skill level 1 in Armour
  1899 | D:2      | Reached XP level 4. HP: 24/25 MP: 0/13
  2325 | D:2      | Found a runed translucent door.
  2326 | D:2      | Noticed Crazy Yiuf
  2445 | D:2      | Succumbed to Crazy Yiuf's poison

Illustrated notes

Levels and vault maps discovered:
D:1:      sevenhm_arrival_forest_fort_small_4, layout_basic,
          dilly_ecumenical_altar_fadedgnrine, serial_shops,
          nicolae_diamond_shop, minmay_ruptured
D:2:      minmay_chambers_of_ones, layout_rooms, uniq_crazy_yiuf_cottage

Skill      XL: |  1  2  3 |
---------------+----------+-----
Spellcasting   | 5 |  5.6
Conjurations   | 2 |  2.1
Fighting       | 1 |  1.0
Armour         | 1 |  1.0
Dodging        | |  2.5
Stealth        | |  2.5
Summonings     | |  1.1
Translocations | |  1.1

Action                     |  1- 3 |  4- 6 || total
---------------------------+-------+-------++-------
  Melee: Dagger            |    17 |     3 ||    20
         Trident           |     5 |       ||     5
   Cast: Magic Dart        |   109 |    11 ||   120
         Mephitic Cloud    |       |     1 ||     1
         Call Imp          |       |     1 ||     1
 Armour: Robe              |     9 |     1 ||    10
  Dodge: Dodged            |    25 |     5 ||    30

Table legend: (Time is in decaauts)
 A = Elapsed time spent in this place.
 B = Non-inter-level travel time spent in this place.
 C = Inter-level travel time spent in this place.
 D = Time resting spent in this place.
 E = Time spent auto-exploring this place.
 F = Levels seen in this place.
 G = Mean time per level.
                   A        B        C        D        E       F      G
               +--------+--------+--------+--------+--------+-----+--------+
         Total |   2462 |   2380 |     82 |     48 |   2025 |   2 | 1231.0 |
       Dungeon |   2462 |   2380 |     82 |     48 |   2025 |   2 | 1231.0 |
               +--------+--------+--------+--------+--------+-----+--------+

Top non-repeatable levels by time:
     D:1: 1356 daAuts
     D:2: 1105 daAuts
